 Dungeon Crawl Stone Soup version 0.21.0-25-ge575cb9 (webtiles) character file.

67 DogShitOnMyToe the Skirmisher (level 4, -1/37 HPs)
             Began as a Mummy Fighter on Jan 27, 2018.
             Slain by a shadow imp (5 damage)
             ... summoned by Natasha
             ... on level 2 of the Dungeon.
             The game lasted 00:01:56 (1631 turns).

DogShitOnMyToe the Skirmisher (Mummy Fighter)       Turns: 1631, Time: 00:01:56

Health: -1/37      AC:  6    Str: 20    XL:     4   Next: 0%
Magic:  4/4        EV:  7    Int:  7    God:
Gold:   29         SH:  8    Dex: 11    Spells: 3/3 levels left

rFire    x . .     SeeInvis .   a - +0 trident
rCold    + . .     Gourm    .   c - +0 shield
rNeg     + + +     Faith    .   b - +0 scale mail
rPois    ∞         Spirit   .   (no helmet)
rElec    .         Reflect  .   (no cloak)
rCorr    +         Harm     .   (no gloves)
MR       .....                  (no boots)
Stlth    ..........             (no amulet)
HPRegen  0.12/turn              e - ring of resist corrosion
MPRegen  0.09/turn              (no ring)

@: no status effects
A: no food or potions, fire vulnerability, cold resistance 1, negative energy
resistance 3, torment resistance, unbreathing
a: no special abilities


You were on level 2 of the Dungeon.
You were not hungry.

You visited 1 branch of the dungeon, and saw 2 of its levels.

You collected 29 gold pieces.

Inventory:

Hand Weapons
 a - a +0 trident (weapon)
Armour
 b - a +0 scale mail (worn)
 c - a +0 shield (worn)
Jewellery
 e - a ring of resist corrosion (left hand)
Scrolls
 d - a scroll of amnesia {unknown}
 f - a scroll of fear {unknown}
 g - 2 scrolls of identify {unknown}
 h - a scroll of magic mapping {unknown}


   Skills:
 + Level 3.6 Fighting
 * Level 3.0 Polearms
 - Level 2.4 Armour
 - Level 2.4 Shields


You had 3 spell levels left.
You didn't know any spells.

Dungeon Overview and Level Annotations

Branches:
Dungeon (2/15)

Altars:

Annotations:
D:2 Natasha


Innate Abilities, Weirdness & Mutations

You do not eat or drink.
Your flesh is vulnerable to fire.
You are immune to poison.
Your flesh is cold resistant. (rC+)
You are immune to negative energy. (rN+++)
You are immune to unholy pain and torment.
You can survive without breathing.


Message History

You puncture Natasha!
Natasha casts a spell.
The shadow imp hits you.
* * * LOW HITPOINT WARNING * * *
You closely miss Natasha. Natasha barely misses you.
The shadow imp hits you but does no damage. x2
You block Natasha's attack.
You hit Natasha. The shadow imp barely misses you.
You block the shadow imp's attack. You block Natasha's attack.
You closely miss Natasha.
The shadow imp hits you but does no damage.
The shadow imp hits you.
* * * LOW HITPOINT WARNING * * *
Natasha claws you.
* * * LOW HITPOINT WARNING * * *
You barely miss Natasha. You block the shadow imp's attack.
The shadow imp barely misses you. Natasha claws you.
* * * LOW HITPOINT WARNING * * *
The shadow imp hits you.
You die...

## ######### .# ###
#.......# .##...
#.......#######....#
#..55....÷.......####
#..)@h..#####........
..#######.### #........
#......##÷..####...#....
#.†................
##.....####...#?###
..........##5....#
.............(.h...#
.....h.#.[##.#.......
.........#. .....##..


You could see Natasha and 2 shadow imps.

Vanquished Creatures
  Natasha (D:2)
  An adder (D:1)
  3 dart slugs
  A giant cockroach (D:1)
  7 goblins
  5 hobgoblins
  3 bats (D:1)
  2 frilled lizards
  A kobold (D:1)
  3 rats
27 creatures vanquished.

Notes
Turn   | Place    | Note
-------+----------+-------------------------------------------
     0 | D:1      | DogShitOnMyToe the Mummy Fighter began the quest for the Orb.
     0 | D:1      | Reached XP level 1. HP: 18/18 MP: 1/1
   185 | D:1      | Reached skill level 2 in Polearms
   191 | D:1      | Reached XP level 2. HP: 17/24 MP: 2/2
  1193 | D:1      | Reached XP level 3. HP: 21/29 MP: 3/3
  1307 | D:2      | Noticed Natasha
  1324 | D:2      | HP: 9/29 [Natasha/magic dart (9)]
  1327 | D:2      | HP: 4/29 [Natasha/magic dart (5)]
  1328 | D:2      | Killed Natasha
  1328 | D:2      | Reached skill level 3 in Polearms
  1328 | D:2      | Reached XP level 4. HP: 3/37 MP: 4/4
  1611 | D:2      | Noticed Natasha
  1626 | D:2      | HP: 14/37 [shadow imp[Natasha] (5)]
  1631 | D:2      | HP: 4/37 [Natasha (5)]
  1631 | D:2      | Slain by a shadow imp

Skill      XL: |  1  2  3 |
---------------+----------+-----
Polearms       | 2 3 |  3.0
Fighting       | |  3.6
Armour         | |  2.4
Shields        | |  2.4

Action                   |  1- 3 |  4- 6 || total
-------------------------+-------+-------++-------
Melee: Trident           |    89 |    15 ||   104
Armor: Scale mail        |    18 |     7 ||    25
Dodge: Dodged            |    21 |     8 ||    29
Block: Shield            |    23 |     9 ||    32
